 Dungeon Crawl Stone Soup version 0.20-a0-537-g052e6ba (webtiles) character file.

96 Asddderdsw the Digger (level 4, 0/51 HPs)
             Began as a Demigod Earth Elementalist on Jan 28, 2017.
             Slain by a wight
             ... wielding a cursed +3 spear of freezing
              (1 damage)
             ... on level 3 of the Dungeon.
             The game lasted 00:08:45 (1625 turns).

Asddderdsw the Digger (Demigod Earth Elementalist)  Turns: 1625, Time: 00:08:46

Health: 0/51       AC:  3    Str: 15 (16) XL:     4   Next: 18%
Magic:  9/9        EV: 12    Int: 19 (21) God:
Gold:   107        SH:  0    Dex: 14 (16) Spells: 1/7 levels left

rFire    . . .     SeeInvis .   a - +0 whip
rCold    . . .     Gourm    .   c - +0 robe
rNeg     . . .     Faith    .   (no shield)
rPois    .         Spirit   .   (no helmet)
rElec    .         Reflect  .   o - +0 cloak
rCorr    .         Harm     .   (no gloves)
MR       .....                  (no boots)
Stlth    ..........             (no amulet)
Regen    0.2/turn               (no ring)
                                (no ring)

@: confused, berserking, drained, very quick
A: high mp 1
a: no special abilities


You were on level 3 of the Dungeon.
You were not hungry.

You visited 1 branch of the dungeon, and saw 3 of its levels.

You collected 107 gold pieces.

Inventory:

Hand Weapons
 a - a +0 whip (weapon)
Missiles
 b - 72 stones (quivered)
 j - 29 arrows
Armour
 c - a +0 robe (worn)
 o - a +0 cloak (worn)
Scrolls
 f - 2 scrolls of remove curse {unknown}
 h - a scroll of immolation {unknown}
 k - a scroll of teleportation {unknown}
 l - a scroll of recharging {unknown}
 p - 2 scrolls of identify {unknown}
 r - 2 scrolls of fog {unknown}
 s - a scroll of fear {unknown}
 t - a scroll of noise {unknown}
Potions
 m - a potion of ambrosia
 v - a potion of agility {unknown}
Books
 e - a book of Geomancy

   Spells                             Type                      Level
   a - Sandblast                      Earth                        1
   b - Passwall                       Transmutation/Earth          2
   c - Stone Arrow                    Conjuration/Earth            3
   d - Petrify                        Transmutation/Earth          4
   e - Lee's Rapid Deconstruction     Earth                        5
 u - a book of Misfortune

   Spells                             Type                      Level
   a - Confusing Touch                Hexes                        1
   b - Confuse                        Hexes                        3
   c - Gell's Gravitas                Hexes/Translocation          3
   d - Petrify                        Transmutation/Earth          4
   e - Metabolic Englaciation         Hexes/Ice                    5
   f - Yara's Violent Unravelling     Hexes/Transmutation          5
Comestibles
 d - 4 bread rations
 g - 8 chunks of flesh
 q - 2 meat rations
 w - 4 fruits


   Skills:
 + Level 0.5(0.0) Fighting
 + Level 1.1(0.4) Maces & Flails
 + Level 2.4(1.6) Dodging
 + Level 2.2(1.4) Stealth
 + Level 2.1(1.4) Spellcasting
 + Level 0.8(0.1) Transmutations
 + Level 3.5(2.7) Earth Magic


You had one spell level left.
You knew the following spells:

 Your Spells              Type           Power        Failure   Level  Hunger
a - Sandblast             Erth           ##....       8%          1    ##.....
b - Passwall              Tmut/Erth      #.........   17%         2    ###....
c - Stone Arrow           Conj/Erth      #.....       34%         3    ####...


Dungeon Overview and Level Annotations

Branches:
Dungeon (3/15)


Innate Abilities, Weirdness & Mutations

You have an increased reservoir of magic. (+10% MP)


Message History

The wight hits you with a spear of freezing!
The wight freezes you.
You completely miss the wight. The wight barely misses you.
The wight hits you with an enchanted mace.
* * * LOW HITPOINT WARNING * * *
The wight hits you with a spear of freezing.
* * * LOW HITPOINT WARNING * * *
You feel drained.
* * * LOW HITPOINT WARNING * * *
The wight freezes you.
* * * LOW HITPOINT WARNING * * *
You are too berserk!
You hit the wight but do no damage. The wight hits you with a halberd.
* * * LOW HITPOINT WARNING * * *
You feel drained.
* * * LOW HITPOINT WARNING * * *
The wight hits you from afar with a spear of freezing.
* * * LOW HITPOINT WARNING * * *
The wight freezes you.
You die...

#######
##.....##
##.......##
#.........#
#.........#
#.@.......#
#.z.......#
#zz.......#
####.......##
#z..........#
.....#.........#
#.## #....)....#
#.........#
.##.........#


You could see 3 wights.

Vanquished Creatures
  A wight (D:3)
  2 dart slugs
  2 leopard geckos
  A giant cockroach (D:1)
  2 goblins
  4 hobgoblins
  6 jackals
  A ball python (D:1)
  5 bats
  6 frilled lizards
  4 kobolds (D:1)
  13 rats
47 creatures vanquished.

Notes
Turn   | Place    | Note
-------+----------+-------------------------------------------
     0 | D:1      | Asddderdsw the Demigod Earth Elementalist began the quest for the Orb.
     0 | D:1      | Reached XP level 1. HP: 14/14 MP: 5/5
   174 | D:1      | Reached skill level 3 in Earth Magic
   230 | D:1      | Reached XP level 2. HP: 14/20 MP: 5/7
   950 | D:2      | Reached XP level 3. HP: 14/26 MP: 4/8
   999 | D:2      | Learned a level 2 spell: Passwall
  1552 | D:3      | Learned a level 3 spell: Stone Arrow
  1617 | D:3      | Reached skill level 1 in Maces & Flails
  1617 | D:3      | Reached XP level 4. HP: 11/34 MP: 0/9
  1625 | D:3      | HP: 1/51 [wight/spear of freezing (5)]
  1625 | D:3      | Slain by a wight

Vault maps used:
D:1:      minmay_arrival_widening_spiral_wide
D:2:      first_bread, minmay_rat_gold_closets

Skill      XL: |  1  2  3 |
---------------+----------+-----
Stealth        | 2 |  2.2
Earth Magic    | 3 |  3.5
Dodging        | 2 |  2.4
Spellcasting   | 2 |  2.1
Maces & Flails | 1 |  1.1
Fighting       | |  0.5
Transmutations | |  0.8

Action                   |  1- 3 |  4- 6 || total
-------------------------+-------+-------++-------
Melee: Whip              |    96 |     2 ||    98
Throw: Stone             |     3 |       ||     3
 Cast: Sandblast         |    41 |       ||    41
       Stone Arrow       |     2 |       ||     2
  Use: Potion            |       |     3 ||     3
 Stab: Sleeping          |     8 |       ||     8
  Eat: Chunk             |     3 |       ||     3
Armor: Robe              |    26 |       ||    26
Dodge: Dodged            |    68 |     5 ||    73
